 Dungeon Crawl Stone Soup version 0.31-a0-1626-g5cb510d322 (webtiles) character file.

Game seed: 11722890729828697139

62 Ivernyr the Shield-Bearer (level 4, -3/37 HPs)
             Began as a Formicid Fighter on Jan 12, 2024.
             Slain by a gnoll
             ... wielding a +0 halberd
              (8 damage)
             ... on level 2 of the Dungeon.
             The game lasted 00:01:46 (1120 turns).

Ivernyr the Shield-Bearer (Formicid Fighter)        Turns: 1120, Time: 00:01:46

Health: -3/37      AC:  7    Str: 23    XL:     4   Next: 28%
Magic:  4/4        EV:  9    Int:  7    God:
Gold:   110        SH:  5    Dex: 13    Spells: 3/3 levels left

rFire   . . .        a - +0 quarterstaff
rCold   . . .        c - +0 buckler
rNeg    . . .        b - +0 scale mail
rPois   .            (helmet unavailable)
rElec   .            (no cloak)
rCorr   .            (no gloves)
SInv    +            (no boots)
Will    .....        (no amulet) Stlth
                     (no ring)
HPRegen 0.26/turn    (no ring)
MPRegen 0.09/turn

%: no passive effects
@: no status effects
A: permanent stasis, dig shafts and tunnels, antennae 3, four strong arms
a: Dig, Shaft Self


You were on level 2 of the Dungeon.
You visited 1 branch of the dungeon, and saw 2 of its levels.

You collected 110 gold pieces.

Inventory:

Hand Weapons
 a - a +0 quarterstaff (weapon)
Armour
 b - a +0 scale mail (worn)
 c - a +0 buckler (worn)
Scrolls
 g - 5 scrolls of teleportation {unknown}
 j - 2 scrolls of vulnerability {unknown}
 k - a scroll of blinking {unknown}
Potions
 d - a potion of might
 e - 2 potions of curing {unknown}
 f - a potion of ambrosia {unknown}
 h - a potion of invisibility {unknown}
 i - a potion of haste {unknown}


   Skills:
 + Level 3.8 Fighting
 + Level 2.7 Staves
 + Level 3.9 Armour
 + Level 4.7 Shields


You had 3 spell levels left.
You didn't know any spells.
Your spell library contained the following spells:

 Spells                   Type           Power      Damage    Failure   Level
 Hailstorm                Conj/Ice       0%         3d5       99%         3
 Summon Ice Beast         Ice/Summ       0%         N/A       99%         3
 Sculpt Simulacrum        Ice/Alch       0%         N/A       100%        6


Dungeon Overview and Level Annotations

Branches:
Dungeon (2/15)

Altars:


Innate Abilities, Weirdness & Mutations

You cannot be hasted, slowed, berserked, paralysed or teleported.
You can dig through walls and to a lower floor.
You have a pair of large antennae on your head. (SInv)
Your four strong arms can wield two-handed weapons with a shield.


Message History

You now have 110 gold pieces (gained 5).
There is a faded altar of an unknown god here.
A gnoll comes into view. It is wielding a +0 spear.
A gnoll is nearby!
A gnoll comes into view.
It is wielding a +0 spear and quivering a throwing net.
The gnoll shouts!
You hear a shout!
The gnoll barely misses you.
A gnoll comes into view. It is wielding a +0 spear.
You hit the gnoll.
The gnoll is lightly wounded.
You block the gnoll's attack.
You barely miss the gnoll.
The gnoll is lightly wounded.
The gnoll hits you but does no damage.
You sock the gnoll!
You kill the gnoll!
A gnoll comes into view. It is wielding a +0 halberd.
An endoplasm comes into view.
The gnoll hits you from afar with a +0 spear.
The gnoll hits you with a +0 spear. x2
You see here a +0 spear.
You block the gnoll's attack. x2
The gnoll attacks as it pursues you! The gnoll barely misses you.
The gnoll attacks as it pursues you! The gnoll closely misses you.
You block the gnoll's attack. The gnoll hits you with a +0 spear.
The gnoll hits you from afar with a +0 halberd.
You hit the gnoll but do no damage. The gnoll closely misses you.
The gnoll hits you from afar with a +0 halberd!
The gnoll hits you but does no damage.
You hit the gnoll but do no damage.
The gnoll hits you from afar with a +0 halberd!
* * * LOW HITPOINT WARNING * * *
You block the gnoll's attack. The gnoll hits you with a +0 spear.
* * * LOW HITPOINT WARNING * * *
You hit the gnoll.
The gnoll is lightly wounded.
The gnoll hits you but does no damage. x2; The gnoll closely misses you.
The gnoll hits you from afar with a +0 halberd!
You die...

## ..## .# .. ..# .# .,..##.##
#.#.#...## #.#......## ##
#..)....... .. ###gJ....## #. #.
#g#...## #. #.# #####@##.## #.
######.####...#.##.# #.
)......#..⌠.∩...g..############.
.....#.........###..............
###..#....._.#.###.######..####.
...........###.#.........<..# #.
##..#.....# #.#.########...# #.
# #.....# #.#.# ###.###. #.
#)##### #.#.## #.##..


You could see 3 gnolls and an endoplasm.

Vanquished Creatures
  A gnoll (D:2)
  2 dart slugs
  A ribbon worm (D:2)
  7 endoplasms
  2 goblins
  3 hobgoblins
  10 jackals
  4 kobolds
  A quokka (D:1)
  4 ball pythons
  5 frilled lizards
  A rat (D:1)
41 creatures vanquished.

Notes
Turn   | Place    | Note
-------+----------+-------------------------------------------
     0 | D:1      | Ivernyr the Formicid Fighter began the quest for the Orb.
     0 | D:1      | Reached XP level 1. HP: 18/18 MP: 1/1
    53 | D:1      | Reached XP level 2. HP: 22/24 MP: 2/2
   270 | D:1      | Reached XP level 3. HP: 26/29 MP: 3/3
   948 | D:2      | Reached XP level 4. HP: 29/37 MP: 4/4
  1091 | D:2      | Found a faded altar of an unknown god.
  1120 | D:2      | Slain by a gnoll

Illustrated notes

Levels and vault maps discovered:
D:1:      tarquinn_simple_flora_water_b, layout_loops_ring,
          minmay_strange_pillars, minmay_misc_feat_plants
D:2:      kennysheep_big_flooded_room, layout_loops_ring,
          ebering_ecumenical_altar_abandoned

Action                     |  1- 3 |  4- 6 || total
---------------------------+-------+-------++-------
  Melee: Quarterstaff      |   116 |    13 ||   129
 Armour: Scale mail        |    74 |    16 ||    90
  Dodge: Dodged            |    53 |     7 ||    60
  Block: Buckler           |    27 |     7 ||    34

Table legend: (Time is in decaauts)
 A = Elapsed time spent in this place.
 B = Non-inter-level travel time spent in this place.
 C = Inter-level travel time spent in this place.
 D = Time resting spent in this place.
 E = Time spent auto-exploring this place.
 F = Levels seen in this place.
 G = Mean time per level.
                   A        B        C        D        E       F      G
               +--------+--------+--------+--------+--------+-----+--------+
         Total |   1146 |   1105 |     41 |     36 |    762 |   2 |  573.0 |
       Dungeon |   1146 |   1105 |     41 |     36 |    762 |   2 |  573.0 |
               +--------+--------+--------+--------+--------+-----+--------+

Top non-repeatable levels by time:
     D:1: 881 daAuts
     D:2: 265 daAuts
